 Dungeon Sprint DCSS version 0.30.1-9-gdf580d7c3d (webtiles) character file.

Game seed: 6953977953859355123

7779 Heoruswealwe the Phalangite (level 11, -4/115 HPs)
             Began as a Minotaur Fighter on Oct 23, 2023.
             Was an Initiate of Gozag.
             Slain by Sonja
             ... wielding a +1 short sword of distortion
              (8 damage)
             ... in the Dungeon (Sprint IX: "|||||||||||||||||||||||||||||").
             The game lasted 00:08:48 (1565 turns).

Heoruswealwe the Phalangite (Minotaur Fighter)      Turns: 1565, Time: 00:08:49

Health: -4/115     AC: 20    Str: 29    XL:     11   Next: 1%
Magic:  10/10      EV:  9    Int:  5    God:    Gozag
Gold:   3455       SH:  0    Dex:  9    Spells: 10/10 levels left

rFire   . . .        b - +2 halberd (protect)
rCold   . . .        (shield currently unavailable)
rNeg    . . .        c - +1 chain mail
rPois   .            (helmet restricted)
rElec   .            h - +0 cloak
rCorr   .            f - +0 pair of gloves
SInv    .            e - +0 pair of boots
Will    .....        (no amulet) Stlth
                     k - +3 ring of strength
HPRegen 0.39/turn    (no ring)
MPRegen 0.12/turn

%: no teleportation
@: lethally poisoned (-4 -> -6), slowed, very slow
A: horns 2, retaliatory headbutt
a: Renounce Religion, Potion Petition, Call Merchant, Bribe Branch


You were in the Dungeon.
You worshipped Gozag.
Gozag was most pleased with you.
You visited 1 branch You collected 3455 gold pieces.

Inventory:

Hand Weapons
 a - a +0 trident
 b - a +2 halberd of protection (weapon)
Armour
 c - a +1 chain mail (worn)
 d - a +0 buckler
 e - a +0 pair of boots (worn)
 f - a +0 pair of gloves (worn)
 h - a +0 cloak (worn)
Jewellery
 k - a +3 ring of strength (left hand)
Wands
 j - a wand of iceblast (10)
Scrolls
 i - a scroll of blinking
 p - 2 scrolls of enchant armour
 q - 2 scrolls of identify
Potions
 g - a potion of haste
 m - 3 potions of curing
 n - 2 potions of might
 o - a potion of mutation


   Skills:
 + Level 16.3 Fighting
 * Level 21.9 Polearms
 + Level 16.3 Armour
 - Level 3.6 Shields


You had 10 spell levels left.
You didn't know any spells.
Your spell library contained the following spells:

 Spells                   Type           Power      Damage    Failure   Level
 Sandblast                Erth           0%         2d4       82%         1
 Passwall                 Tmut/Erth      0%         N/A       91%         2
 Stone Arrow              Conj/Erth      0%         3d7       99%         3


Dungeon Overview and Level Annotations

Branches:
Dungeon (1/1)

Altars:
Cheibriados
Dithmenos
Elyvilon
Fedhas
Gozag
Hepliaklqana
Kikubaaqudgha
Makhleb
Nemelex Xobeh
Okawaru
Qazlal
Ru
Sif Muna
Trog
Uskayaw
Vehumet
Wu Jian
Xom
Yredelemnul
Zin
The Shining One
Jiyva
Lugonu

Annotations:
D Sonja


Innate Abilities, Weirdness & Mutations

You have a pair of horns on your head.
You reflexively headbutt those who attack you in melee.


Message History

Sonja hits you but does no damage. Space warps horribly around you!
Sonja closely misses you.
You closely miss Sonja.
Sonja is severely wounded.
Sonja gestures wildly while chanting.
Sonja blinks!
Sonja throws a curare-tipped dart.
The curare-tipped dart barely misses you.
Sonja throws a curare-tipped dart.
The curare-tipped dart hits you.
You are poisoned.
You have difficulty breathing.
You feel yourself slow down.
You feel very sick.
Sonja hits you with a +1 short sword of distortion.
Space warps around you. Sonja hits you but does no damage.
Space warps around you.
* * * LOW HITPOINT WARNING * * *
Sonja misses you.
You feel much better.
You feel sick. Sonja barely misses you. Sonja hits you but does no damage.
Space warps horribly around you!! Sonja hits you but does no damage.
Space warps around you.
* * * LOW HITPOINT WARNING * * *
Sonja completely misses you.
Sonja hits you with a +1 short sword of distortion.
* * * LOW HITPOINT WARNING * * *
Space warps around you.
* * * LOW HITPOINT WARNING * * *
Sonja closely misses you.
You feel much better.
You feel sick.
Sonja hits you with a +1 short sword of distortion.
Space warps around you. Sonja hits you but does no damage.
Space warps horribly around you!
Sonja hits you with a +1 short sword of distortion.
* * * LOW HITPOINT WARNING * * *
Space warps horribly around you!
* * * LOW HITPOINT WARNING * * *
Sonja hits you but does no damage. Space warps horribly around you!
* * * LOW HITPOINT WARNING * * *
Sonja hits you but does no damage. Space warps horribly around you!
You die...
Your body crumbles into a pile of gold.

▓.▓.▓)▓
▓.▓.▓.▓.▓
▓.▓'▓.▓.▓
▓.▓.▓.▓.▓
▓.▓.▓.▓.▓
▓.▓.▓.▓)▓
▓.▓.▓.▓.▓
▓K▓!▓.▓.▓
▓@▓!▓.▓.▓
$▓.▓)▓.▓.▓
$▓.▓!▓.▓.▓
$▓.▓.▓.▓'▓
$▓.▓.▓.▓_▓
$▓.▓?▓.▓_▓
$▓.▓.▓.▓_▓
$▓.▓.▓.▓_▓
$▓.▓'▓.▓_▓


You could see Sonja.

Vanquished Creatures
  A hydra (D)
  A tengu warrior (D)
  A skyshark (D)
  A lindwurm (D)
  An ugly thing (D)
  A cyclops (D)
  A black mamba (D)
  2 cane toads (D)
  4 komodo dragons (D)
  An unseen horror (D)
  A troll (D)
  3 tyrant leeches (D)
  A vampire (D)
  A wraith (D)
  A wyvern (D)
  3 yaks (D)
  A basilisk (D)
  4 water moccasins (D)
  An ogre (D)
  A wolf (D)
  3 bullfrogs (D)
  A gnoll sergeant (D)
  A gnoll bouda (D)
  An orc wizard (D)
  An adder (D)
  5 worms (D)
  A goblin (D)
  A jackal (D)
  2 ball pythons (D)
  A frilled lizard (D)
48 creatures vanquished.

Notes
Turn   | Place    | Note
-------+----------+-------------------------------------------
     0 | D        | Heoruswealwe the Minotaur Fighter began the quest for the
                  | Orb.
     0 | D        | Reached XP level 1. HP: 19/19 MP: 0/0
    13 | D        | Reached skill level 3 in Polearms
    29 | D        | Noticed an ogre
    29 | D        | Noticed a water moccasin
    29 | D        | Noticed a gnoll bouda
    32 | D        | HP: 1/20 [ogre/+0 giant spiked club (14)]
    38 | D        | Killed an ogre
    39 | D        | Reached skill level 7 in Polearms
    39 | D        | Reached XP level 2. HP: 6/30 MP: 1/1
    39 | D        | Reached XP level 3. HP: 7/37 MP: 2/2
    39 | D        | Reached XP level 4. HP: 9/44 MP: 3/3
    52 | D        | HP: 1/44 [water moccasin (2)]
   223 | D        | Killed a water moccasin
   224 | D        | Reached skill level 10 in Polearms
   224 | D        | Reached XP level 5. HP: 43/53 MP: 4/4
   238 | D        | Found a snail-covered altar of Cheibriados.
   238 | D        | Found a shadowy altar of Dithmenos.
   238 | D        | Found a white marble altar of Elyvilon.
   238 | D        | Found a blossoming altar of Fedhas.
   238 | D        | Found an opulent altar of Gozag.
   239 | D        | Found a hazy altar of Hepliaklqana.
   240 | D        | Found a viscous altar of Jiyva.
   241 | D        | Found an ancient bone altar of Kikubaaqudgha.
   242 | D        | Found a corrupted altar of Lugonu.
   243 | D        | Found a burning altar of Makhleb.
   244 | D        | Found a sparkling altar of Nemelex Xobeh.
   245 | D        | Found an iron altar of Okawaru.
   246 | D        | Became a worshipper of Gozag Ym Sagoz the Greedy
   247 | D        | Found a stormy altar of Qazlal.
   248 | D        | Found a sacrificial altar of Ru.
   249 | D        | Found a shimmering blue altar of Sif Muna.
   250 | D        | Found a bloodstained altar of Trog.
   251 | D        | Found a hide-covered altar of Uskayaw.
   252 | D        | Found a radiant altar of Vehumet.
   253 | D        | Found an ornate altar of the Wu Jian Council.
   254 | D        | Found a shimmering altar of Xom.
   255 | D        | Found a basalt altar of Yredelemnul.
   256 | D        | Found a glowing silver altar of Zin.
   257 | D        | Found a glowing golden altar of the Shining One.
   316 | D        | Noticed a troll
   316 | D        | Noticed a yak
   316 | D        | Noticed a wyvern
   316 | D        | Noticed a yak
   321 | D        | Killed a troll
   322 | D        | Reached skill level 12 in Polearms
   322 | D        | Reached XP level 6. HP: 47/64 MP: 5/5
   337 | D        | Killed a yak
   338 | D        | Reached skill level 10 in Fighting
   338 | D        | Reached skill level 13 in Polearms
   338 | D        | Reached skill level 10 in Armour
   338 | D        | Reached XP level 7. HP: 42/72 MP: 6/6
   344 | D        | Killed a wyvern
   345 | D        | Reached skill level 14 in Polearms
   356 | D        | Killed a yak
   479 | D        | Noticed a vampire
   479 | D        | Noticed a wraith
   479 | D        | Noticed a cyclops
   479 | D        | Noticed a red ugly thing
   479 | D        | Noticed a tengu warrior
   482 | D        | Killed a vampire
   483 | D        | Reached skill level 15 in Polearms
   483 | D        | Reached XP level 8. HP: 82/82 MP: 7/7
   504 | D        | Killed a cyclops
   505 | D        | Reached skill level 16 in Polearms
   514 | D        | Killed a red ugly thing
   515 | D        | Reached XP level 9. HP: 21/92 MP: 8/8
   528 | D        | Killed an unseen horror
   529 | D        | Reached skill level 17 in Polearms
   532 | D        | Killed a tengu warrior
   533 | D        | Reached skill level 18 in Polearms
   860 | D        | Noticed a komodo dragon
   863 | D        | Noticed a komodo dragon
   873 | D        | Noticed a cane toad
   890 | D        | Killed a komodo dragon
   903 | D        | Killed a komodo dragon
   904 | D        | Reached skill level 19 in Polearms
   907 | D        | Killed a cane toad
   908 | D        | Reached XP level 10. HP: 24/104 MP: 9/9
  1126 | D        | Noticed a seven-headed hydra
  1126 | D        | Noticed a black mamba
  1126 | D        | Noticed a cane toad
  1136 | D        | Killed a ten-headed hydra
  1137 | D        | Reached skill level 20 in Polearms
  1138 | D        | Reached skill level 15 in Fighting
  1139 | D        | Killed a black mamba
  1140 | D        | Reached skill level 15 in Armour
  1186 | D        | Noticed a skyshark
  1199 | D        | Killed a cane toad
  1206 | D        | Reached skill level 21 in Polearms
  1212 | D        | Killed a skyshark
  1310 | D        | Noticed a lindwurm
  1315 | D        | Killed a lindwurm
  1344 | D        | Reached XP level 11. HP: 65/115 MP: 10/10
  1554 | D        | Noticed Sonja
  1565 | D        | HP: 4/115 [Sonja/+1 short sword of distortion (17)]
  1565 | D        | Slain by Sonja

Illustrated notes

Levels and vault maps discovered:
D:        linesprint [early_d, line_temple, items_1, d_10, items_2, lair_1,
          lair_end, items_3, orc_1, orc_end, items_4, d_15, swamp_1, shoals_1,
          snake_1, spider_1, d_20, vaults_1, items_5, swamp_end, shoals_end,
          snake_end, spider_end, vaults_end, d_27, items_6, zot_1, zot_end,
          crypt_end, forest_end, elf_end, slime_end, tomb_end, abyss_end,
          pan_hell_end]

Skill      XL: |  1  2  3  4  5  6  7  8  9 10 |
---------------+-------------------------------+-----
Polearms       | 7 10 12 13 15 16 19 21 | 21.9
Fighting       | 6 7 9 10 11 12 14 16 | 16.3
Armour         | 6 7 9 10 11 12 14 16 | 16.3
Shields        | |  3.6

Action                     |  1- 3 |  4- 6 |  7- 9 | 10-12 || total
---------------------------+-------+-------+-------+-------++-------
  Melee: Trident           |    26 |    48 |    76 |       ||   150
         Headbutt          |     1 |     7 |    24 |    17 ||    49
         Halberd           |       |       |    27 |    68 ||    95
    Use: Potion            |     1 |     1 |     4 |     3 ||     9
         Scroll            |       |     1 |       |       ||     1
   Stab: Distracted        |       |       |     2 |       ||     2
 Armour: Scale mail        |    13 |    10 |       |       ||    23
         Chain mail        |       |     7 |    34 |    30 ||    71
  Dodge: Dodged            |     7 |    18 |    16 |    22 ||    63
  Block: Buckler           |     1 |     4 |    10 |       ||    15
